 Dungeon Crawl Stone Soup version 0.22-a0-301-gf0fe05c (webtiles) character file.

942 RoseArtemis the Chopper (level 7, -9/60 (63) HPs)
             Began as a Minotaur Fighter on Mar 26, 2018.
             Killed by nerve-wracking pain
             ... invoked by an orc priest
              (14 damage)
             ... on level 5 of the Dungeon.
             The game lasted 00:08:15 (4161 turns).

RoseArtemis the Chopper (Minotaur Fighter)          Turns: 4161, Time: 00:08:16

HP:   -9/60 (63)    AC: 11    Str: 21    XL:     7   Next: 88%
MP:   6/6           EV:  6    Int:  6    God:
Gold: 235           SH: 15    Dex: 10    Spells: 6/6 levels left

rFire    . . .     SeeInvis +   a - +0 war axe
rCold    . . .     Gourm    .   s - +0 large shield
rNeg     . . .     Faith    .   b - +0 scale mail
rPois    .         Spirit   .   (helmet restricted)
rElec    .         Reflect  .   (no cloak)
rCorr    .         Harm     .   m - +0 pair of gloves
MR       .....                  q - +1 pair of boots
Stlth    ..........             (no amulet)
HPRegen  0.20/turn              p - ring of see invisible
MPRegen  0.10/turn              (no ring)

@: no status effects
A: retaliatory headbutt, horns 2
a: no special abilities


You were on level 5 of the Dungeon.
You were very hungry.

You visited 1 branch of the dungeon, and saw 5 of its levels.

You collected 235 gold pieces.

Inventory:

Hand Weapons
 a - a +0 war axe (weapon)
Armour
 b - a +0 scale mail (worn)
 m - a +0 pair of gloves (worn)
 q - a +1 pair of boots (worn)
 s - a +0 large shield (worn)
Jewellery
 p - a ring of see invisible (left hand)
Wands
 o - a wand of disintegration (11)
 u - a wand of paralysis (17)
Scrolls
 c - a scroll of remove curse {unknown}
 h - a scroll of enchant armour {unknown}
 j - a scroll of teleportation
 k - a scroll of fog {unknown}
 l - a scroll of amnesia {unknown}
 n - a scroll of fear {unknown}
Potions
 d - a potion of might
 e - a potion of lignification {unknown}
 g - a potion of magic {unknown}
 i - 2 potions of curing {unknown}
 r - a potion of resistance {unknown}
 t - a potion of degeneration {unknown}
Comestibles
 f - 11 rations


   Skills:
 + Level 6.0 Fighting
 * Level 7.3 Axes
 + Level 5.9 Armour
 + Level 6.0 Shields


You had 6 spell levels left.
You didn't know any spells.

Dungeon Overview and Level Annotations

Branches:
Dungeon (5/15)
 Temple: D:4-7

Altars:


Innate Abilities, Weirdness & Mutations

You reflexively headbutt those who attack you in melee.
You have a pair of horns on your head.


Message History

Beogh smites you!
* * * LOW HITPOINT WARNING * * *
The orc priest hits you but does no damage.
You barely miss the orc priest. Your headbutt misses the orc priest.
The orc priest is lightly wounded.
You block the orc priest's attack.
You hit the orc priest but do no damage.
You headbutt the orc priest.
The orc priest is moderately wounded.
The orc priest looks satisfied for a moment.
You barely miss the orc priest.
The orc priest is moderately wounded.
The orc priest hits you with a mace.
* * * LOW HITPOINT WARNING * * *
You are feeling very hungry.
You hit the orc priest but do no damage.
The orc priest is moderately wounded.
The orc priest mumbles some strange prayers to Beogh against you.
Pain shoots through your body!
You die...

#..[..............##
#...........<..##..^
#...................
#...>............#.# ##
##...............# ...
#...............###.#.#
...............#........
#..............#.###.#.# #
...............#@#...#.# .# .
#..........##.##o#.###.###.#..
...............#o......$......
......[..##...#####nl.....?..
....... .......##..........
................n†........
##.. .......#..Z..†o.#..#
...........o..#
.....###.###....


You could see an orc priest and an orc.

Vanquished Creatures
  2 necrophages
  The ghost of vishdafish the Skirmisher, an amateur GrFi (D:3)
  A howler monkey (D:3)
  A quasit (D:2)
  A crimson imp (D:5)
  An orc priest (D:5)
  A jelly (D:5)
  An orc wizard (D:5)
  A bullfrog skeleton (D:4)
  2 centaur skeletons
  6 worker ants
  Natasha (thrice) (D:3)
  2 hound skeletons
  7 adders
  A shadow imp (D:5)
  2 oozes
  2 worms (D:3)
  2 dart slugs
  4 orcs
  11 giant cockroaches
  7 goblins
  9 hobgoblins
  10 jackals
  9 kobolds
  5 quokkas
  2 ball pythons (D:4)
  7 bats
  6 frilled lizards
  A leopard gecko zombie (D:5)
  7 rats
115 creatures vanquished.

Notes
Turn   | Place    | Note
-------+----------+-------------------------------------------
     0 | D:1      | RoseArtemis the Minotaur Fighter began the quest for the Orb.
     0 | D:1      | Reached XP level 1. HP: 19/19 MP: 0/0
   256 | D:1      | Reached XP level 2. HP: 27/27 MP: 1/1
   344 | D:1      | Reached skill level 3 in Axes
  1136 | D:2      | Noticed a necrophage
  1174 | D:2      | Reached XP level 3. HP: 9/33 MP: 2/2
  1238 | D:1      | Killed a necrophage
  1238 | D:1      | Reached skill level 4 in Axes
  1238 | D:1      | Reached XP level 4. HP: 6/39 MP: 3/3
  1238 | D:1      | Reached XP level 5. HP: 7/45 MP: 4/4
  2409 | D:3      | Reached skill level 5 in Axes
  2457 | D:3      | Noticed vishdafish's ghost (amateur GrFi)
  2465 | D:3      | Killed vishdafish's ghost
  2465 | D:3      | Reached skill level 5 in Shields
  2465 | D:3      | Reached XP level 6. HP: 44/53 MP: 5/5
  2483 | D:3      | Reached skill level 5 in Fighting
  2678 | D:3      | Reached skill level 5 in Armour
  2895 | D:3      | Noticed Natasha
  2904 | D:3      | Killed Natasha
  3031 | D:3      | Noticed Natasha
  3039 | D:3      | Killed Natasha
  3073 | D:3      | Noticed Natasha
  3079 | D:3      | Killed Natasha
  3360 | D:4      | Reached skill level 6 in Axes
  3496 | D:4      | Reached XP level 7. HP: 59/59 MP: 6/6
  4014 | D:5      | Entered Level 5 of the Dungeon
  4133 | D:5      | Reached skill level 7 in Axes
  4161 | D:5      | Killed from afar by an orc priest

Vault maps used:
D:1:      dpeg_arrival_boxorama
D:3:      uniq_natasha
D:4:      serial_bayou_pond_e, grunt_ministairs_14
D:5:      first_ration, minmay_misc_feat_roman

Skill      XL: |  1  2  3  4  5  6  7 |
---------------+----------------------+-----
Axes           | 3 4 5 6 7 |  7.3
Fighting       | 4 5 6 |  6.0
Armour         | 4 5 |  5.9
Shields        | 4 5 6 |  6.0

Action                   |  1- 3 |  4- 6 |  7- 9 || total
-------------------------+-------+-------+-------++-------
Melee: War axe           |   104 |   161 |    73 ||   338
       Headbutt          |     5 |    32 |    16 ||    53
  Use: Scroll            |       |     2 |     3 ||     5
  Eat: Chunk             |     1 |     8 |     1 ||    10
Armor: Scale mail        |   109 |    74 |    17 ||   200
Dodge: Dodged            |    57 |    50 |    11 ||   118
Block: Shield            |    79 |    53 |       ||   132
       Large shield      |       |    87 |    49 ||   136

Table legend:
 A = Spawn XP
 B = Non-spawn XP
 C = Spawn XP percentage of total XP
 D = Spawn monster count
 E = Non-spawn monster count
 F = Spawn count percentage of total count
 G = Total turns spent on level
                    A         B        C        D         E        F      G
               +---------+---------+-------+---------+---------+-------+---------
         Total |       0 |    1346 |   0.0 |       0 |     115 |   0.0 |  4161
               +---------+---------+-------+---------+---------+-------+---------
           D:1 |       0 |     161 |   0.0 |       0 |      24 |   0.0 |  1449
           D:2 |       0 |     110 |   0.0 |       0 |      20 |   0.0 |   929
           D:3 |       0 |     372 |   0.0 |       0 |      38 |   0.0 |   868
           D:4 |       0 |     271 |   0.0 |       0 |      16 |   0.0 |   812
           D:5 |       0 |     432 |   0.0 |       0 |      17 |   0.0 |   103
               +---------+---------+-------+---------+---------+-------+---------
